 Seeded DCSS version 0.29.1-2-gbd0b4ee654 (webtiles) character file.

Game seed: 19941 (custom seed)

199 Ashen the Firebug (level 5, 0/38 HPs)
             Began as a Demonspawn Fire Elementalist on Oct 28, 2022.
             Slain by Duvessa
             ... wielding a +0 short sword
              (7 damage)
             ... on level 4 of the Dungeon.
             The game lasted 00:06:25 (3083 turns).

Ashen the Firebug (Demonspawn Fire Elementalist)    Turns: 3083, Time: 00:06:26

Health: 0/38       AC:  6    Str:  8    XL:     5   Next: 48%
Magic:  7/9        EV: 12    Int: 19    God:
Gold:   106        SH:  0    Dex: 13    Spells: 2/9 levels left

rFire   . . .      SeeInvis .   n - +0 rapier (venom)
rCold   . . .      Faith    .   (no shield)
rNeg    . . .      Spirit   .   e - +3 leather armour
rPois   .          Reflect  .   (no helmet)
rElec   .          Harm     .   (no cloak)
rCorr   .          Rampage  .   (no gloves)
Will    .....                   (no boots)
Stlth   ++........              (no amulet)
HPRegen 0.12/turn               (no ring)
MPRegen 0.11/turn               (no ring)

@: very slightly contaminated
A: powered by death 1, sturdy frame 1, weakness stinger 1
a: no special abilities


You were on level 4 of the Dungeon.
You visited 1 branch of the dungeon, and saw 4 of its levels.

You collected 136 gold pieces.
You spent 30 gold pieces at shops.

Inventory:

Hand Weapons
 d - a +1 dagger of flaming
 n - a +0 rapier of venom (weapon)
Missiles
 a - a throwing net
Armour
 e - a +3 leather armour (worn)
Jewellery
 h - a +4 ring of protection
Scrolls
 f - a scroll of amnesia
Potions
 b - a potion of magic
 k - a potion of degeneration
 l - a potion of curing
 o - a potion of invisibility


   Skills:
 + Level 2.0 Fighting
 + Level 2.6 Dodging
 + Level 2.7 Stealth
 + Level 2.8 Spellcasting
 + Level 2.2 Conjurations
 + Level 3.4 Fire Magic


You had 2 spell levels left.
You knew the following spells:

 Your Spells              Type           Power      Damage    Failure   Level
a - Foxfire               Conj/Fire      52%        2x1d6     5%          1
b - Scorch                Fire           30%        2d6       6%          2
c - Flame Wave            Conj/Fire      13%        2d6       45%         4

Your spell library contained the following spells:

 Spells                   Type           Power      Damage    Failure   Level
 Conjure Flame            Conj/Fire      13%        6-21      16%         3
 Inner Flame              Hex/Fire       9%         N/A       26%         3
 Portal Projectile        Hex/Tloc       4%         N/A       45%         3
 Tukima's Dance           Hex            2%         N/A       45%         3
 Blade Hands              Tmut           1%         N/A       99%         5


Dungeon Overview and Level Annotations

Branches:
Dungeon (4/15)
 Temple: D:4-7

Altars:
Fedhas
Hepliaklqana

Shops:
D:1 ([*   D:3 *

Annotations:
D:4 Dowan, Duvessa


Innate Abilities, Weirdness & Mutations

You regenerate a little health from kills.
Your movements are slightly less encumbered by armour. (ER -2)
You have a small tail.


Message History

Duvessa says, "Where magic fails, the sword succeeds!"
As you read the scroll labelled XEEZ SOALLE, it crumbles to dust.
It is a scroll of amnesia.
Really abort (and waste the scroll)?
Okay, then.
As you read the scroll labelled QULABURGHOMI, it crumbles to dust.
It is a scroll of identify.
k - a potion of degeneration
As you read the scroll of identify, it crumbles to dust.
l - a potion of curing Duvessa hits you with a +0 short sword!
Duvessa hits you with a +0 short sword.
As you read the scroll of identify, it crumbles to dust.
o - a potion of invisibility Duvessa hits you but does no damage.
As you read the scroll labelled YGGUMO IDEGAH, it crumbles to dust.
You feel aware of your surroundings.
It was a scroll of magic mapping.
Duvessa barely misses you. Duvessa misses you.
As you read the scroll labelled HONWO FIBEB, it crumbles to dust.
You hear a loud clanging noise!
It was a scroll of noise.
You hear a shout!
Duvessa hits you with a +0 short sword!
As you read the scroll labelled DOTAHYPT UJUZA, it crumbles to dust.
It is a scroll of enchant armour.
You aren't carrying any armour which can be enchanted further.
Duvessa hits you with a +0 short sword.
* * * LOW HITPOINT WARNING * * *
Dowan casts a spell.
Dowan blinks!
Duvessa hits you with a +0 short sword.
* * * LOW HITPOINT WARNING * * *
As you read the scroll labelled NUEPOV MORULL, it crumbles to dust.
Wisps of shadow whirl around you...
It was a scroll of summoning.
Duvessa hits you with a +0 short sword.
* * * LOW HITPOINT WARNING * * *
Casting: Foxfire (safe; 5% risk of failure)
Confirm with . or Enter, or press ? or * to list all spells.
You miscast Scorch.
You are very lightly contaminated with residual magic.
Nothing appears to happen.
Duvessa hits you with a +0 short sword!
You die...

#.....................*,**,,*** *
,....................#,***...,***
,,<........(.........#.##.......,
,**#..##............##.##.#*...#*
,,,,...#...............#..###..#
,,*#.#.#............##....#.#..#
,**##.........S............###.##
,,*#..........g.e...........##..#
,#..............@...e........#...
..##...#...................†.....
.,*#....#.###.........#........##
.,........#..........####......#
.....#......##....#...........##
#....#.............#..##.#....###
*.##........#..#..#...####.......
*,.......#......#.......##.......
.##..###.#...............#......#


You could see Duvessa (fast, ally target), Dowan, a friendly adder (summoned)
and a friendly goblin (summoned).

Vanquished Creatures
  2 hounds (D:4)
  4 adders
  3 gnolls
  A worm (D:3)
  3 dart slugs
  An orc (D:3)
  6 endoplasms
  3 giant cockroaches
  5 goblins
  8 hobgoblins
  5 kobolds
  2 quokkas (D:1)
  3 ball pythons
  6 bats
  6 frilled lizards
  12 rats
70 creatures vanquished.

Vanquished Creatures (others)
  132 foxfires
132 creatures vanquished.

Grand Total: 202 creatures vanquished

Notes
Turn   | Place    | Note
-------+----------+-------------------------------------------
     0 | D:1      | Ashen the Demonspawn Fire Elementalist began the quest for
                  | the Orb.
     0 | D:1      | Reached XP level 1. HP: 13/13 MP: 3/3
   279 | D:1      | Gained mutation: Your movements are slightly less
                  | encumbered by armour. (ER -2) [demonic ancestry]
   279 | D:1      | Reached XP level 2. HP: 7/20 MP: 3/5
   553 | D:1      | Found a faded altar of an unknown god.
   610 | D:1      | Found Riotof's Antique Weapon Shop.
  1058 | D:1      | Found Vypiut's Assorted Antiques.
  1066 | D:1      | Found Marruhor's Antique Armour Shoppe.
  1068 | D:1      | Gained mutation: You have a small tail. [demonic ancestry]
  1068 | D:1      | Reached XP level 3. HP: 25/25 MP: 6/6
  1070 | D:1      | Bought a scroll labelled QULABURGHOMI for 30 gold pieces
  1274 | D:2      | Reached skill level 1 in Fighting
  1291 | D:2      | Reached skill level 3 in Fire Magic
  1824 | D:2      | Reached XP level 4. HP: 32/32 MP: 2/7
  2403 | D:3      | Found a blossoming altar of Fedhas.
  2495 | D:3      | Found Deropsou's Assorted Antiques.
  2519 | D:3      | Found a hazy altar of Hepliaklqana.
  2736 | D:4      | Gained mutation: You regenerate a little health from kills.
                  | [demonic ancestry]
  2736 | D:4      | Reached XP level 5. HP: 38/38 MP: 4/9
  3059 | D:4      | Learned a level 2 spell: Scorch
  3064 | D:4      | Learned a level 4 spell: Flame Wave
  3065 | D:4      | Noticed Duvessa
  3065 | D:4      | Noticed Dowan
  3083 | D:4      | Slain by Duvessa

Illustrated notes

Levels and vault maps discovered:
D:1:      lightli_arrival_lavapool, layout_basic, serial_shops, shop_fountains,
          shop, nicolae_shop_trees,
          hellmonk_ecumenical_altar_pennies_from_heaven
D:2:      layout_loops_ring, minmay_hexomino_c4
D:3:      layout_basic, mainiacjoe_overflow_surrounded_room,
          mainiacjoe_overflow_big_doors, serial_shops, shop,
          kennysheep_generic_room_6
D:4:      layout_layer_cave, uniq_duvessa

Skill      XL: |  1  2  3  4  5 |
---------------+----------------+-----
Dodging        | 2 |  2.6
Stealth        | 2 |  2.7
Fighting       | 1 2 |  2.0
Fire Magic     | 3 |  3.4
Conjurations   | 2 |  2.2
Spellcasting   | |  2.8

Action                   |  1- 3 |  4- 6 || total
-------------------------+-------+-------++-------
Melee: Unarmed           |     6 |       ||     6
       Dagger            |    38 |    36 ||    74
       Tailslap          |     2 |     3 ||     5
       Punch             |       |     1 ||     1
 Cast: Foxfire           |    42 |    33 ||    75
  Use: Scroll            |       |     8 ||     8
 Stab: Sleeping          |     3 |     4 ||     7
Armor: Robe              |     2 |       ||     2
       Leather armour    |    22 |    17 ||    39
Dodge: Dodged            |    42 |    25 ||    67
